 Dungeon Crawl Stone Soup version 0.31-a0-174-g85c54bcb58 (webtiles) character file.

Game seed: 15283142140916310668

18536 qw the Cleaver (level 12, -2/76 HPs)
             Began as a Gargoyle Fighter on June 15, 2023.
             Was a Priest of Okawaru.
             Slain by a hog (10 damage)
             ... led by Kirke
             ... on level 2 of the Lair of Beasts.
             The game lasted 00:06:17 (11415 turns).

qw the Cleaver (Gargoyle Fighter)                  Turns: 11415, Time: 00:06:18

Health: -2/76      AC:  0    Str: 23    XL:     12   Next: 59%
Magic:  17/19      EV: 16    Int: 11    God:    Okawaru [***...]
Gold:   417        SH:  0    Dex:  9    Spells: 11/11 levels left

rFire   . . .        Y - melded +8 war axe
rCold   . . .        j - melded +0 kite shield {reflect}
rNeg    + . .        c - melded +0 plate armour
rPois   inf          (helmet currently unavailable)
rElec   .            q - melded +0 cloak
rCorr   .            (gloves currently unavailable)
SInv    .            o - melded +0 pair of boots {rampage}
Will    .....        (no amulet)
Stlth   +++          l - melded +6 ring of dexterity
HPRegen 0.32/turn    p - melded ring of protection from fire
MPRegen 0.16/turn

%: clarity
@: about to teleport, pig-form, heroic, very quick
A: fast, no casting, sickness immunity, AC +8, small, negative energy resistance
1, (electricity resistance), torment resistance 1, petrification resistance,
clarity, MP-powered wands
a: Renounce Religion, Heroism


You were on level 2 of the Lair of Beasts.
You worshipped Okawaru.
Okawaru was most pleased with you.
You were a filthy swine.
You visited 2 branches of the dungeon, and saw 11 of its levels.

You collected 573 gold pieces.
You spent 156 gold pieces at shops.


Innate Abilities, Weirdness & Mutations

You are a filthy swine.
You move quickly.
Your equipment is almost entirely melded.
You are incapable of wielding weapons or throwing items.
You cannot cast spells.
You are immune to sickness and miasma.
((Your stone body is resilient. (AC +8)))
You are immune to poison.
You resist negative energy. (rN+)
((You are resistant to electric shocks. (rElec)))
You are resistant to unholy torment.
You are immune to petrification.
You possess an exceptional clarity of mind.
You expend magic power (3 MP) to strengthen your wands.


   Skills:
 - Level 9.0(14.0) Fighting
 + Level 11.2(16.2) Axes
 - Level 3.0(8.0) Throwing
 - Level 8.0(13.0) Armour
 - Level 2.3(7.3) Dodging
 - Level 10.1(15.1) Shields
 - Level 9.7 Invocations


You had 11 spell levels left.
You didn't know any spells.
Your spell library was empty.

Inventory:

Hand Weapons
 r - a +0 morningstar
 Y - a +8 war axe (melded)
Missiles
 k - 13 boomerangs (quivered)
Armour
 c - a +0 plate armour (melded)
 j - a +0 kite shield of reflection (melded)
 o - a +0 pair of boots of rampaging (melded)
 q - a +0 cloak (melded)
Jewellery
 l - a +6 ring of dexterity (melded)
 p - a ring of protection from fire (melded)
Scrolls
 h - a scroll of identify
Potions
 a - a potion of lignification
 d - a potion of might
 f - 2 potions of resistance
 g - 4 potions of curing
 i - a potion of haste
 m - a potion of mutation
 s - a potion of magic
 u - a potion of brilliance {unknown}

Dungeon Overview and Level Annotations

Branches:
Dungeon (8/15)             Temple (0/1) D:7            Lair (3/5) D:8
  Swamp: Lair:2-3    Shoals: Lair:2-3     Snake: Lair:2-3    Spider: Lair:2-3

Altars:
Okawaru
Trog

Shops:
D:5 (

Portals:
Abyss: D:4

Annotations:
D:4 2 transporters, qw's ghost, amateur NaHu
D:6 2 runed translucent doors
Lair:2 Kirke


Message History

Kirke casts a spell at you.
You turn into a filthy swine.
Your +8 war axe melds into your body.
Your +0 cloak melds into your body.
Your +0 pair of boots of rampaging melds into your body.
Your +0 kite shield of reflection melds into your body.
Your +0 plate armour melds into your body.
Your +6 ring of dexterity melds into your body.
Your ring of protection from fire melds into your body.
You no longer feel able to rampage towards enemies.
You feel clumsy.
A komodo dragon comes into view.
The hog bites you!
There is a stone staircase leading up here.
11409 ||| STAIRDANCE The komodo dragon hisses angrily.
The hog closely misses you. The hog barely misses you. Kirke hits you.
The hog completely misses you.
You climb upwards.
There is a stone staircase leading down here.
11411 ||| INVOKING Heroism.
You gain the combat prowess of a mighty hero.
You can no longer speed up your combat.
The hog bites you. Kirke closely misses you. The hog closely misses you.
The hog bites you.
You bite Kirke!
Kirke is lightly wounded.
Kirke closely misses you. The hog barely misses you.
The hog closely misses you.
You hit Kirke but do no damage.
Kirke is lightly wounded.
The hog misses you.
Kirke shouts, "You pig!
I'll make you look the way you deserve."
Kirke hits you! The hog bites you.
You bite Kirke!
Kirke is lightly wounded.
The hog bites you! The hog barely misses you. Kirke hits you!
11415 ||| READING scroll of teleportation.
As you read the scroll of teleportation, it crumbles to dust.
You feel strangely unstable. The hog bites you! x2
You die...

.....##............[#.##.........
7...P#...............###.........
....###..............###.........
...7..#...............#..........
.................................
.P.................P#............
...................#####.........
....P..........hh.## ##[.......
#....P..........h@# ###.....#
#.............#..## ##.....
#.....P.........## #.....?
#...............P# ###....
#......7.P......##### ### #.....
.P...P7.##.....###..####P####....
....[..#.#....###..........#.....
..P..P.###....#.................#
.P...7.................##........


You could see Kirke and 2 hogs.

Vanquished Creatures
  A hydra (Lair:2)
  A two-headed ogre (D:8)
  An ugly thing (D:7)
  2 oklob plants
  6 elephants (Lair:1)
  4 black mambas
  A cane toad (Lair:1)
  A rime drake (Lair:2)
  4 komodo dragons
  2 polar bears
  A wind drake (Lair:2)
  5 blink frogs (Lair:1)
  23 yaks
  A spriggan (Lair:2)
  3 wyverns
  A hog (Lair:2)
  A vampire mosquito (Lair:2)
  5 water moccasins
  2 orc warriors (D:8)
  5 ice beasts
  3 black bears
  A sky beast (D:6)
  6 wolves (Lair:3)
  3 ogres
  2 centaurs
  A phantom (D:6)
  A kobold brigand (D:8)
  8 bullfrogs
  2 gnoll sergeants (D:7)
  6 scorpions
  4 wights (D:7)
  5 killer bees (D:8)
  2 howler monkeys
  3 electric eels (D:7)
  5 hounds
  A jelly (D:5)
  7 orc priests
  2 gnoll boudas
  2 iguanas
  10 orc wizards
  2 sleepcaps (D:7)
  Terence (D:3)
  33 gnolls
  8 adders
  A white imp (D:6)
  2 ufetubi
  3 worms
  4 dart slugs
  46 orcs
  5 ball pythons
  8 endoplasms
  4 giant cockroaches
  8 goblins
  6 hobgoblins
  3 quokkas
  2 training dummies (D:5)
  A bat (D:1)
  4 frilled lizards
  5 kobolds
  9 rats
299 creatures vanquished.

Vanquished Creatures (others)
  An orc priest (D:7)
  A gnoll (D:7)
  An orc (D:7)
3 creatures vanquished.

Grand Total: 302 creatures vanquished

Notes
Turn   | Place    | Note
-------+----------+-------------------------------------------
     0 | D:1      | qw the Gargoyle Fighter began the quest for the Orb.
     0 | D:1      | Reached XP level 1. HP: 14/14 MP: 1/1
     0 | D:1      | 0 ||| qw: Version: 0.2-a-29-g511e9b1
     0 | D:1      | 0 ||| qw: Game counter: 5167
     0 | D:1      | 0 ||| qw: Always use a shield: true
     0 | D:1      | 0 ||| qw: God list: Okawaru
     0 | D:1      | 0 ||| qw: Allow faded altars: false
     0 | D:1      | 0 ||| qw: Do Orc after D:15 true
     0 | D:1      | 0 ||| qw: Do second Lair branch before Depths: true
     0 | D:1      | 0 ||| qw: Lair rune preference: random
     0 | D:1      | 0 ||| qw: Plans: Normal, Zot:1-4, Slime:5, God:TSO, Crypt,
                  | Tomb, Abyss, Pan, Hells, Win
     0 | D:1      | 0 ||| PLANNING D:1-11
    59 | D:1      | Reached skill level 2 in Axes
    75 | D:1      | 75 ||| FLEEEEING.
    88 | D:1      | 88 ||| Stepping ~*~*~tactically~*~*~ (hiding).
    89 | D:1      | 89 ||| Stepping ~*~*~tactically~*~*~ (hiding).
   175 | D:1      | Reached XP level 2. HP: 19/19 MP: 2/2
   278 | D:1      | 278 ||| READING scroll labelled REZENE DATRIUH.
   283 | D:1      | 283 ||| READING scroll labelled QIFENI WOHACO.
   378 | D:1      | Found a faded altar of an unknown god.
   422 | D:1      | 422 ||| Stepping ~*~*~tactically~*~*~ (hiding).
   579 | D:1      | Reached skill level 3 in Axes
   730 | D:1      | Reached XP level 3. HP: 23/23 MP: 3/3
   960 | D:1      | 960 ||| READING scroll labelled UWNON FAMASAE.
   988 | D:2      | 988 ||| STAIRDANCE
  1028 | D:2      | 1028 ||| DROPPING +0 club.
  1161 | D:2      | Reached XP level 4. HP: 22/28 MP: 4/4
  1199 | D:2      | 1199 ||| Stepping ~*~*~tactically~*~*~ (stealth).
  1206 | D:2      | Reached skill level 4 in Axes
  1342 | D:2      | 1342 ||| Stepping ~*~*~tactically~*~*~ (stealth).
  1663 | D:2      | 1663 ||| UPGRADING to +6 ring of dexterity.
  1664 | D:2      | 1664 ||| READING 3 scrolls labelled OSATHR GYACLA.
  1665 | D:2      | 1665 ||| READING 2 scrolls of enchant weapon.
  1665 | D:2      | 1665 ||| ENCHANTING +1 war axe.
  1666 | D:2      | 1666 ||| READING scroll of enchant weapon.
  1666 | D:2      | 1666 ||| ENCHANTING +2 war axe.
  1667 | D:2      | 1667 ||| READING scroll labelled EHYMEI GEDO.
  1668 | D:2      | 1668 ||| READING scroll labelled GUTA TISOLOMEI.
  1669 | D:2      | 1669 ||| DRINKING 4 sedimented dark potions.
  1670 | D:2      | 1670 ||| DRINKING 2 amethyst potions.
  1671 | D:2      | 1671 ||| DROPPING 3 potions of enlightenment.
  1707 | D:3      | Noticed Terence
  1717 | D:3      | Killed Terence
  1718 | D:3      | Reached skill level 1 in Dodging
  1736 | D:3      | Reached XP level 5. HP: 27/32 MP: 5/5
  1754 | D:3      | 1754 ||| DROPPING +0 mace.
  1775 | D:3      | 1775 ||| Stepping ~*~*~tactically~*~*~ (stealth).
  1809 | D:3      | 1809 ||| Stepping ~*~*~tactically~*~*~ (stealth).
  1811 | D:3      | 1811 ||| Stepping ~*~*~tactically~*~*~ (hiding).
  1935 | D:3      | 1935 ||| READING scroll of enchant weapon.
  1935 | D:3      | 1935 ||| ENCHANTING +3 war axe.
  2187 | D:3      | 2187 ||| UPGRADING to ring of protection from fire.
  2188 | D:3      | 2188 ||| DRINKING 2 bubbling dark potions.
  2293 | D:3      | 2293 ||| DRINKING 2 fizzy emerald potions.
  2294 | D:3      | 2294 ||| DROPPING potion of berserk rage.
  2332 | D:4      | 2332 ||| PLANNING OSSUARY
  2337 | D:4      | HP: 7/32 [gnoll/+0 halberd (4)]
  2337 | D:4      | HP: 3/32 [gnoll/+0 spear (4)]
  2338 | D:4      | 2338 ||| READING scroll of teleportation.
  2339 | D:4      | 2339 ||| DRINKING potion of heal wounds.
  2429 | D:4      | Noticed a toenail golem
  2436 | D:4      | Found a transporter.
  2442 | D:4      | Noticed qw's ghost (amateur NaHu)
  2443 | D:4      | Found a one-way gate to the infinite horrors of the Abyss.
  2463 | D:4      | Noticed a small abomination
  2476 | D:4      | Found a transporter.
  2483 | D:4      | 2483 ||| READING scroll of enchant weapon.
  2483 | D:4      | 2483 ||| ENCHANTING +4 war axe.
  2504 | D:4      | Reached skill level 5 in Axes
  2609 | D:4      | 2609 ||| Stepping ~*~*~tactically~*~*~ (hiding).
  2874 | D:4      | Reached XP level 6. HP: 39/39 MP: 6/6
  2877 | D:4      | 2877 ||| Stepping ~*~*~tactically~*~*~ (hiding).
  2890 | D:4      | 2890 ||| DRINKING potion of curing.
  2890 | D:4      | 2890 ||| (to cure confusion)
  2902 | D:4      | Reached skill level 6 in Axes
  2902 | D:4      | Reached XP level 7. HP: 36/44 MP: 7/7
  2939 | D:4      | Found an iron altar of Okawaru.
  2945 | D:4      | 2945 ||| Stepping ~*~*~tactically~*~*~ (hiding).
  2947 | D:4      | 2947 ||| Stepping ~*~*~tactically~*~*~ (hiding).
  3036 | D:4      | 3036 ||| RIP OSSUARY
  3045 | D:4      | 3045 ||| PLANNING OKAWARU WORSHIP
  3045 | D:4      | 3045 ||| READING scroll labelled KIMYEL YFUBB.
  3046 | D:4      | 3046 ||| DRINKING 2 inky potions.
  3047 | D:4      | 3047 ||| DRINKING 2 smoky brown potions.
  3047 | D:4      | Gained mutation: You expend magic power (3 MP) to
                  | strengthen your wands. [potion of mutation]
  3047 | D:4      | Gained mutation: You possess an exceptional clarity of
                  | mind. [potion of mutation]
  3048 | D:4      | 3048 ||| READING 2 scrolls of identify.
  3048 | D:4      | 3048 ||| IDENTIFYING pink potion
  3049 | D:4      | 3049 ||| DROPPING potion of degeneration.
  3050 | D:4      | 3050 ||| DROPPING potion of invisibility.
  3081 | D:4      | Became a worshipper of Warmaster Okawaru
  3082 | D:4      | 3082 ||| PLANNING D:1-11
  3176 | D:5      | Entered Level 5 of the Dungeon
  3328 | D:5      | 3328 ||| Stepping ~*~*~tactically~*~*~ (stealth).
  3332 | D:5      | 3332 ||| Stepping ~*~*~tactically~*~*~ (hiding).
  3354 | D:5      | Reached skill level 7 in Axes
  3537 | D:5      | 3537 ||| FLEEEEING.
  3594 | D:5      | Reached XP level 8. HP: 30/49 MP: 8/8
  3708 | D:5      | Found Jasij's Antique Weapon Shoppe.
  3716 | D:5      | 3716 ||| BUYING runed flail (156 gold).
  3716 | D:5      | Bought a runed flail for 156 gold pieces
  3716 | D:5      | 3716 ||| DROPPING +0 flail.
  3735 | D:5      | 3735 ||| Stepping ~*~*~tactically~*~*~ (stealth).
  3736 | D:5      | 3736 ||| Stepping ~*~*~tactically~*~*~ (stealth).
  3737 | D:5      | 3737 ||| Stepping ~*~*~tactically~*~*~ (stealth).
  3889 | D:5      | Reached * piety under Okawaru
  3956 | D:5      | 3956 ||| DROPPING +1 flail of protection.
  3969 | D:5      | Reached skill level 1 in Invocations
  3988 | D:5      | 3988 ||| Stepping ~*~*~tactically~*~*~ (stealth).
  4297 | D:5      | 4297 ||| UPGRADING to +0 chain mail.
  4307 | D:5      | 4307 ||| DROPPING +0 scale mail.
  4308 | D:5      | 4308 ||| READING scroll labelled RAUPSA VOENLI.
  4309 | D:5      | 4309 ||| READING scroll labelled JUENANGAUPY.
  4310 | D:5      | 4310 ||| READING 2 scrolls of identify.
  4310 | D:5      | 4310 ||| IDENTIFYING coppery potion
  4353 | D:6      | 4353 ||| INVOKING Heroism.
  4388 | D:6      | 4388 ||| Stepping ~*~*~tactically~*~*~ (hiding).
  4401 | D:6      | Reached skill level 3 in Invocations
  4461 | D:6      | Reached skill level 8 in Axes
  4555 | D:6      | 4555 ||| Stepping ~*~*~tactically~*~*~ (stealth).
  4561 | D:6      | 4561 ||| Stepping ~*~*~tactically~*~*~ (stealth).
  4588 | D:6      | 4588 ||| Stepping ~*~*~tactically~*~*~ (hiding).
  4590 | D:6      | 4590 ||| INVOKING Heroism.
  4599 | D:6      | Reached skill level 6 in Fighting
  4599 | D:6      | 4599 ||| Stepping ~*~*~tactically~*~*~ (hiding).
  4606 | D:6      | Reached XP level 9. HP: 54/55 MP: 10/12
  4623 | D:6      | Found a runed translucent door.
  4625 | D:6      | Found a runed translucent door.
  4722 | D:6      | 4722 ||| Stepping ~*~*~tactically~*~*~ (stealth).
  4892 | D:6      | 4892 ||| Stepping ~*~*~tactically~*~*~ (hiding).
  4893 | D:6      | 4893 ||| Stepping ~*~*~tactically~*~*~ (hiding).
  4894 | D:6      | 4894 ||| INVOKING Heroism.
  4907 | D:6      | Reached ** piety under Okawaru
  5501 | D:7      | Reached skill level 9 in Axes
  5529 | D:7      | 5529 ||| INVOKING Heroism.
  5544 | D:7      | 5544 ||| Stepping ~*~*~tactically~*~*~ (water).
  5560 | D:7      | HP: 12/56 [gnoll/+0 spear (3)]
  5561 | D:7      | 5561 ||| READING scroll of teleportation.
  5562 | D:7      | 5562 ||| DRINKING potion of heal wounds.
  5563 | D:7      | 5563 ||| INVOKING Heroism.
  5666 | D:7      | 5666 ||| Stepping ~*~*~tactically~*~*~ (hiding).
  5669 | D:7      | 5669 ||| Stepping ~*~*~tactically~*~*~ (hiding).
  5674 | D:7      | 5674 ||| INVOKING Heroism.
  5728 | D:7      | 5728 ||| Stepping ~*~*~tactically~*~*~ (water).
  5760 | D:7      | 5760 ||| READING scroll of enchant weapon.
  5760 | D:7      | 5760 ||| ENCHANTING +5 war axe.
  5866 | D:7      | 5866 ||| Stepping ~*~*~tactically~*~*~ (hiding).
  5870 | D:7      | 5870 ||| Stepping ~*~*~tactically~*~*~ (hiding).
  5946 | D:7      | Found a staircase to the Ecumenical Temple.
  5983 | D:7      | 5983 ||| INVOKING Heroism.
  5988 | D:7      | 5988 ||| Stepping ~*~*~tactically~*~*~ (water).
  5993 | D:7      | 5993 ||| Stepping ~*~*~tactically~*~*~ (water).
  6003 | D:7      | 6003 ||| INVOKING Heroism.
  6011 | D:7      | HP: 10/57 [gnoll/+0 club[a gnoll bouda] (6)]
  6019 | D:7      | 6019 ||| Stepping ~*~*~tactically~*~*~ (water).
  6251 | D:7      | Noticed a white ugly thing
  6252 | D:7      | 6252 ||| Stepping ~*~*~tactically~*~*~ (stealth).
  6254 | D:7      | 6254 ||| INVOKING Heroism.
  6266 | D:7      | HP: 11/57 [white ugly thing (30)]
  6267 | D:7      | Reached skill level 10 in Axes
  6267 | D:7      | Reached XP level 10. HP: 12/63 MP: 11/13
  6267 | D:7      | Killed a white ugly thing
  6268 | D:7      | 6268 ||| Stepping ~*~*~tactically~*~*~ (stealth).
  6274 | D:7      | 6274 ||| Stepping ~*~*~tactically~*~*~ (stealth).
  6279 | D:7      | 6279 ||| INVOKING Heroism.
  6343 | D:7      | 6343 ||| Stepping ~*~*~tactically~*~*~ (stealth).
  6420 | D:7      | 6420 ||| Stepping ~*~*~tactically~*~*~ (stealth).
  6457 | D:7      | 6457 ||| Stepping ~*~*~tactically~*~*~ (stealth).
  6460 | D:7      | 6460 ||| Stepping ~*~*~tactically~*~*~ (stealth).
  6463 | D:7      | 6463 ||| Stepping ~*~*~tactically~*~*~ (stealth).
  6473 | D:7      | 6473 ||| FLEEEEING.
  6474 | D:7      | 6474 ||| FLEEEEING.
  6522 | D:7      | 6522 ||| READING scroll of enchant weapon.
  6522 | D:7      | 6522 ||| ENCHANTING +6 war axe.
  6905 | D:7      | 6905 ||| UPGRADING to +0 kite shield.
  6915 | D:7      | 6915 ||| DROPPING +0 buckler.
  6916 | D:7      | 6916 ||| DRINKING 3 lumpy emerald potions.
  6968 | D:8      | 6968 ||| Stepping ~*~*~tactically~*~*~ (stealth).
  6981 | D:8      | 6981 ||| Stepping ~*~*~tactically~*~*~ (hiding).
  7114 | D:8      | 7114 ||| Stepping ~*~*~tactically~*~*~ (stealth).
  7115 | D:8      | 7115 ||| INVOKING Heroism.
  7116 | D:8      | 7116 ||| Stepping ~*~*~tactically~*~*~ (stealth).
  7117 | D:8      | 7117 ||| Stepping ~*~*~tactically~*~*~ (stealth).
  7127 | D:8      | 7127 ||| Stepping ~*~*~tactically~*~*~ (stealth).
  7168 | D:8      | 7168 ||| Stepping ~*~*~tactically~*~*~ (stealth).
  7169 | D:8      | 7169 ||| Stepping ~*~*~tactically~*~*~ (stealth).
  7224 | D:8      | 7224 ||| Stepping ~*~*~tactically~*~*~ (stealth).
  7225 | D:8      | 7225 ||| Stepping ~*~*~tactically~*~*~ (stealth).
  7226 | D:8      | 7226 ||| Stepping ~*~*~tactically~*~*~ (stealth).
  7227 | D:8      | 7227 ||| Stepping ~*~*~tactically~*~*~ (stealth).
  7360 | D:8      | 7360 ||| INVOKING Heroism.
  7362 | D:8      | Reached skill level 6 in Shields
  7483 | D:8      | Found a staircase to the Lair.
  7497 | D:8      | Reached *** piety under Okawaru
  7642 | D:8      | Noticed a two-headed ogre
  7643 | D:8      | 7643 ||| INVOKING Heroism.
  7652 | D:8      | Killed a two-headed ogre
  7653 | D:8      | Reached skill level 3 in Throwing
  7690 | D:8      | 7690 ||| Stepping ~*~*~tactically~*~*~ (hiding).
  7693 | D:8      | 7693 ||| Stepping ~*~*~tactically~*~*~ (hiding).
  7694 | D:8      | 7694 ||| Stepping ~*~*~tactically~*~*~ (hiding).
  7696 | D:8      | 7696 ||| Stepping ~*~*~tactically~*~*~ (hiding).
  8237 | D:8      | 8237 ||| Stepping ~*~*~tactically~*~*~ (hiding).
  8238 | D:8      | 8238 ||| Stepping ~*~*~tactically~*~*~ (hiding).
  8239 | D:8      | 8239 ||| Stepping ~*~*~tactically~*~*~ (hiding).
  8255 | D:8      | 8255 ||| Stepping ~*~*~tactically~*~*~ (hiding).
  8256 | D:8      | 8256 ||| Stepping ~*~*~tactically~*~*~ (stealth).
  8257 | D:8      | 8257 ||| INVOKING Heroism.
  8469 | D:8      | 8469 ||| PLANNING LAIR
  8469 | D:8      | 8469 ||| UPGRADING to +0 plate armour.
  8479 | D:8      | 8479 ||| DROPPING +0 chain mail.
  8480 | D:8      | 8480 ||| UPGRADING to +0 pair of boots of rampaging.
  8485 | D:8      | 8485 ||| UPGRADING to +0 cloak.
  8490 | D:8      | 8490 ||| READING scroll labelled LUARILUOSE.
  8537 | Lair:1   | Entered Level 1 of the Lair of Beasts
  8540 | Lair:1   | 8540 ||| INVOKING Heroism.
  8542 | Lair:1   | 8542 ||| Stepping ~*~*~tactically~*~*~ (stealth).
  8564 | Lair:1   | 8564 ||| INVOKING Heroism.
  8569 | Lair:1   | Reached XP level 11. HP: 59/69 MP: 11/14
  8579 | Lair:1   | Reached skill level 6 in Armour
  8709 | Lair:1   | 8709 ||| INVOKING Heroism.
  8764 | Lair:1   | 8764 ||| INVOKING Heroism.
  8771 | Lair:1   | Reached skill level 9 in Shields
  8809 | Lair:1   | 8809 ||| INVOKING Heroism.
  8812 | Lair:1   | Reached **** piety under Okawaru
  8815 | Lair:1   | HP: 17/69 [elephant (13)]
  9003 | Lair:1   | 9003 ||| Stepping ~*~*~tactically~*~*~ (stealth).
  9026 | Lair:1   | Received a gift from Okawaru
  9028 | Lair:1   | 9028 ||| INVOKING Heroism.
  9146 | Lair:1   | 9146 ||| DROPPING +4 flail of protection.
  9185 | Lair:1   | 9185 ||| INVOKING Heroism.
  9188 | Lair:1   | Reached skill level 6 in Invocations
  9195 | Lair:1   | Reached ***** piety under Okawaru
  9207 | Lair:1   | Found a bloodstained altar of Trog.
  9212 | Lair:1   | Noticed an oklob plant
  9213 | Lair:1   | 9213 ||| INVOKING Finesse.
  9228 | Lair:1   | Killed an oklob plant
  9458 | Lair:1   | Reached skill level 11 in Axes
  9545 | Lair:1   | 9545 ||| INVOKING Heroism.
  9804 | Lair:1   | 9804 ||| DRINKING 2 metallic silvery potions.
  9805 | Lair:1   | 9805 ||| DRINKING 4 potions of curing.
  9805 | Lair:1   | 9805 ||| (to cure confusion)
  9806 | Lair:1   | 9806 ||| READING 3 scrolls of identify.
  9806 | Lair:1   | 9806 ||| IDENTIFYING fizzy ruby potion
  9807 | Lair:1   | 9807 ||| READING 2 scrolls of identify.
  9807 | Lair:1   | 9807 ||| IDENTIFYING lumpy inky potion
  9808 | Lair:1   | 9808 ||| DROPPING potion of ambrosia.
  9893 | Lair:2   | 9893 ||| READING scroll of enchant weapon.
  9893 | Lair:2   | 9893 ||| ENCHANTING +7 war axe.
  9952 | Lair:2   | 9952 ||| INVOKING Heroism.
 10068 | Lair:2   | 10068 ||| Stepping ~*~*~tactically~*~*~ (stealth).
 10070 | Lair:2   | 10070 ||| Stepping ~*~*~tactically~*~*~ (stealth).
 10083 | Lair:2   | Reached XP level 12. HP: 65/75 MP: 17/17
 10091 | Lair:2   | Received a gift from Okawaru
 10166 | Lair:2   | 10166 ||| INVOKING Heroism.
 10167 | Lair:2   | 10167 ||| INVOKING Finesse.
 10254 | Lair:2   | 10254 ||| Stepping ~*~*~tactically~*~*~ (stealth).
 10455 | Lair:2   | Reached skill level 9 in Fighting
 10662 | Lair:2   | Noticed a seven-headed hydra
 10663 | Lair:2   | 10663 ||| INVOKING Heroism.
 10668 | Lair:2   | 10668 ||| SWAPPING to +0 morningstar.
 10671 | Lair:2   | Killed a seven-headed hydra
 10725 | Lair:2   | 10725 ||| UPGRADING to +8 war axe.
 10750 | Lair:2   | 10750 ||| INVOKING Heroism.
 10790 | Lair:2   | 10790 ||| Stepping ~*~*~tactically~*~*~ (stealth).
 10791 | Lair:2   | 10791 ||| Stepping ~*~*~tactically~*~*~ (stealth).
 10799 | Lair:2   | Reached skill level 9 in Invocations
 10802 | Lair:2   | 10802 ||| INVOKING Heroism.
 11095 | Lair:2   | 11095 ||| UPGRADING to +0 kite shield of reflection.
 11105 | Lair:2   | 11105 ||| DROPPING +0 kite shield.
 11106 | Lair:2   | 11106 ||| READING scroll labelled XIYSEX RUQUID.
 11107 | Lair:2   | 11107 ||| READING scroll labelled POZEVI VUHOB UTHA.
 11131 | Lair:3   | 11131 ||| INVOKING Heroism.
 11146 | Lair:3   | Noticed Kirke
 11148 | Lair:3   | 11148 ||| STAIRDANCE
 11153 | Lair:2   | HP: 18/76 [wind drake (6)]
 11154 | Lair:2   | 11154 ||| READING 2 scrolls of teleportation.
 11157 | Lair:2   | 11157 ||| Stepping ~*~*~tactically~*~*~ (hiding).
 11158 | Lair:2   | 11158 ||| Stepping ~*~*~tactically~*~*~ (hiding).
 11409 | Lair:3   | 11409 ||| STAIRDANCE
 11411 | Lair:2   | 11411 ||| INVOKING Heroism.
 11414 | Lair:2   | HP: 15/76 [Kirke (9)]
 11415 | Lair:2   | 11415 ||| READING scroll of teleportation.
 11415 | Lair:2   | Slain by a hog

Levels and vault maps discovered:
D:1:      lemuel_arrival_hallway, layout_basic,
          dreamdust_ecumenical_altar_angels_and_demons,
          chequers_serial_rivers_small_b, hangedman_glass_teeth, st_stairs_7,
          grunt_decor_mini_mirrors, minmay_misc_feat_plants
D:2:      layout_basic
D:3:      layout_basic, uniq_terence
D:4:      cheibrodos_pilgrimage, layout_rooms, lemuel_crystal_altar,
          chequers_ossuary_entry_cave, gammafunk_ghost_abyssal_escape, hex_tiny
D:5:      dreamdust_elfheim, layout_loops_ring, serial_shops, shop
D:6:      lemuel_insect_pit, layout_rooms
D:7:      layout_loops_ring, minmay_temple_entry_antechambers, serial_bayou,
          serial_bayou_ford_a, serial_bayou_crossing, serial_bayou_pond_b,
          serial_bayou_pond_d, serial_bayou_pond_e, serial_bayou_lagoon_b,
          minmay_chambers_of_fives
D:8:      layout_layer_cave, due_lair_maze_entry_diamond
Lair:1:   layout_long_grid, lemuel_oklob_altar
Lair:2:   layout_cave_pods, grunt_forest_large_clearing_hut
Lair:3:   onia_ninara_swampy_vault, layout_gridlike, minmay_shoals_entry_beasts,
          spider_nest_entry_rubble, small_statue_intersection, uniq_kirke,
          uniq_snorg

Skill      XL: |  1  2  3  4  5  6  7  8  9 10 11 12 |
---------------+-------------------------------------+-----
Axes           | 2 3 4 5 6 7 8 10 11 | 11.2
Dodging        | 1 2 |  2.3
Fighting       | 4 5 6 7 8 9 |  9.0
Invocations    | 4 7 9 |  9.7
Shields        | 4 8 9 10 | 10.1
Armour         | 4 5 7 8 |  8.0
Throwing       | 3 |  3.0

Action                     |  1- 3 |  4- 6 |  7- 9 | 10-12 || total
---------------------------+-------+-------+-------+-------++-------
  Melee: War axe           |    92 |   122 |   279 |   371 ||   864
         Morningstar       |       |       |       |     3 ||     3
         Unarmed           |       |       |       |     3 ||     3
  Throw: Boomerang         |       |       |       |    67 ||    67
 Invoke: Heroism           |       |       |     9 |    20 ||    29
         Finesse           |       |       |       |     2 ||     2
    Use: Scroll            |     3 |     8 |     7 |     9 ||    27
         Potion            |       |     6 |     3 |     3 ||    12
 Armour: Scale mail        |    38 |    47 |    64 |       ||   149
         Chain mail        |       |       |    80 |    45 ||   125
         Plate armour      |       |       |       |   158 ||   158
  Dodge: Dodged            |    27 |    53 |   119 |    98 ||   297
  Block: Buckler           |    17 |    36 |    71 |     6 ||   130
         Kite shield       |       |       |       |   182 ||   182
         Reflection        |       |       |       |     1 ||     1

Table legend:
 A = Non-vault XP
 B = Vault XP
 C = Vault XP percentage of total XP
 D = Non-vault monster count
 E = Vault monster count
 F = Vault count percentage of total count
                 A         B        C        D         E       F
            +---------+---------+-------+---------+---------+-------
      Total |   21679 |    4801 |  18.1 |     266 |      34 |  11.3
            +---------+---------+-------+---------+---------+-------
        D:1 |      48 |       1 |   2.0 |      26 |       1 |   3.7
        D:2 |      71 |       0 |   0.0 |      15 |       0 |   0.0
        D:3 |      47 |      32 |  40.5 |      12 |       1 |   7.7
        D:4 |     347 |     126 |  26.6 |      31 |       6 |  16.2
        D:5 |     951 |       4 |   0.4 |      26 |       2 |   7.1
        D:6 |    1243 |       0 |   0.0 |      32 |       0 |   0.0
        D:7 |    1717 |    1174 |  40.6 |      40 |       8 |  16.7
        D:8 |    1854 |    1128 |  37.8 |      27 |       9 |  25.0
     Lair:1 |    7552 |     617 |   7.6 |      23 |       1 |   4.2
     Lair:2 |    6375 |    1719 |  21.2 |      26 |       6 |  18.8
     Lair:3 |    1474 |       0 |   0.0 |       8 |       0 |   0.0
            +---------+---------+-------+---------+---------+-------
